 Dungeon Crawl Stone Soup version 0.21.1-1-g345015fe64 (webtiles) character file.

42 Evaline the Gusty (level 3, 0/26 HPs)
             Began as a Draconian Air Elementalist on June 6, 2018.
             Succumbed to an adder's poison
             ... on level 2 of the Dungeon.
             The game lasted 00:28:31 (1487 turns).

Evaline the Gusty (Draconian Air Elementalist)      Turns: 1487, Time: 00:28:31

Health: 0/26       AC:  5    Str: 10    XL:     3   Next: 33%
Magic:  0/15       EV: 11    Int: 16    God:
Gold:   51         SH:  0    Dex: 11    Spells: 1/7 levels left

rFire    . . .     SeeInvis .   n - -2 dagger (curse)
rCold    . . .     Gourm    .   (no shield)
rNeg     . . .     Faith    .   (armour unavailable)
rPois    .         Spirit   .   (helmet restricted)
rElec    .         Reflect  .   (no cloak)
rCorr    .         Harm     .   (no gloves)
MR       .....                  (no boots)
Stlth    +.........             (no amulet)
HPRegen  0.08/turn              k - ring of magical power
MPRegen  0.14/turn              (no ring)

@: lethally poisoned (0 -> -4), hasted, heavily drained, very quick
A: unfitting armour, cold-blooded, AC +5
a: no special abilities


You were on level 2 of the Dungeon.
You were hungry.

You visited 1 branch of the dungeon, and saw 2 of its levels.

You collected 51 gold pieces.

Inventory:

Hand Weapons
 c - a +0 hunting sling
 f - a +0 short sword
 h - a +0 hunting sling of velocity
 l - a +0 dagger
 n - a cursed -2 dagger (weapon)
 r - a +0 dagger
Missiles
 e - 2 throwing nets (quivered)
 g - 55 stones
 q - 14 poisoned needles
Jewellery
 k - a ring of magical power (left hand)
 o - an uncursed amulet of harm
 p - a +4 amulet of reflection {unknown}
Scrolls
 i - a scroll of amnesia
Books
 a - a book of Air

   Spells                             Type                      Level
   a - Shock                          Conjuration/Air              1
   b - Swiftness                      Charms/Air                   2
   c - Static Discharge               Conjuration/Air              3
   d - Airstrike                      Air                          4
   e - Lightning Bolt                 Conjuration/Air              5
Comestibles
 b - 4 rations
 j - 2 chunks of flesh


   Skills:
 + Level 1.8(0.2) Dodging
 + Level 1.8(0.2) Stealth
 * Level 2.5(0.9) Spellcasting
 + Level 1.1(0.0) Conjurations
 * Level 0.6(0.0) Charms
 * Level 3.7(2.0) Air Magic


You had one spell level left.
You knew the following spells:

 Your Spells              Type           Power        Failure   Level  Hunger
a - Shock                 Conj/Air       #...         16%         1    ##.....
b - Swiftness             Chrm/Air       #.......     22%         2    ###....
c - Static Discharge      Conj/Air       #.......     41%         3    ####...


Dungeon Overview and Level Annotations

Branches:
Dungeon (2/15)

Altars:

Annotations:
D:2 Terence


Innate Abilities, Weirdness & Mutations

Your plain brown scales are hard. (AC +5)
You cannot fit into any form of body armour.
You are cold-blooded and may be slowed by cold attacks.


Message History

Confirm with . or Enter, or press ? or * to list all spells.
The adder is struck by lightning.
You kill the adder!
The lightning grounds out.
* * * LOW HITPOINT WARNING * * *
You feel sick.
You feel your magic capacity increase.
k - a ring of magical power (left hand) Put on which piece of jewellery? (? for menu, Esc to quit)
o - an amulet of harm (around neck) Put on which piece of jewellery? (? for menu, Esc to quit)
Really remove
o - an amulet of harm?
Okay, then.
Really remove
o - an amulet of harm?
You remove your amulet of harm.
The amulet drains your life force as you remove it!
You feel drained.
You can't unwield your weapon to draw a new one!
Your surroundings suddenly seem different.
You die...

##
.#
.###
..#
#.#
#@#
#.#
#.#
#.#
..#
###


There were no monsters in sight!

Vanquished Creatures
  An adder (D:2)
  A dart slug (D:2)
  A leopard gecko (D:2)
  3 giant cockroaches
  4 goblins
  4 hobgoblins
  4 kobolds (D:1)
  4 bats (D:1)
  A frilled lizard (D:1)
  3 rats
26 creatures vanquished.

Notes
Turn   | Place    | Note
-------+----------+-------------------------------------------
     0 | D:1      | Evaline the Draconian Air Elementalist began the quest for the Orb.
     0 | D:1      | Reached XP level 1. HP: 14/14 MP: 3/3
   310 | D:1      | Reached XP level 2. HP: 20/20 MP: 3/5
   381 | D:1      | Learned a level 2 spell: Swiftness
  1133 | D:2      | Noticed Terence
  1321 | D:2      | Reached XP level 3. HP: 26/26 MP: 4/6
  1416 | D:2      | Learned a level 3 spell: Static Discharge
  1478 | D:2      | HP: 1/26 [poisoned by an adder]
  1487 | D:2      | Succumbed to an adder's poison

Action                   || total
-------------------------++-------
Melee: Dagger            ||    10
 Cast: Shock             ||    56
       Swiftness         ||     1
       Static Discharge  ||     1
  Use: Scroll            ||     3
       Potion            ||     1
  Eat: Chunk             ||     2
Armor: Skin              ||    32
Dodge: Dodged            ||    37
